 Dungeon Crawl Stone Soup version 0.28.0-53-g5a82cb258f (webtiles) character file.

Game seed: 16281968831859084910

653 firemarshallily the Ruffian (level 7, -3/71 HPs)
             Began as a Troll Monk on June 6, 2022.
             Asphyxiated
             ... in a sewer.
             The game lasted 00:11:46 (2399 turns).

firemarshallily the Ruffian (Troll Monk)            Turns: 2399, Time: 00:11:48

Health: -3/71      AC:  6    Str: 22    XL:     7   Next: 28%
Magic:  6/6        EV: 11    Int: 12    God:
Gold:   100        SH:  5    Dex: 12    Spells: 6/6 levels left

rFire   . . .      SeeInvis .     - Unarmed
rCold   + . .      Faith    .   (no shield)
rNeg    . . .      Spirit   .   l - +2 robe {rC+}
rPois   .          Reflect  +   (helmet restricted)
rElec   .          Harm     .   (no cloak)
rCorr   .          Rampage  .   (gloves unavailable)
Will    .....                   (boots unavailable)
Stlth   ++........              k - amulet of reflection
HPRegen 1.01/turn               j - +6 ring of intelligence
MPRegen 0.10/turn               (no ring)

@: lethally poisoned (-3 -> -4), slowed, studying Invocations, very slow
A: large, unfitting armour, claws 3, regeneration 1, shaggy fur 1, tough skin 1
a: no special abilities


You were in a sewer.
You visited 1 branch of the dungeon, and saw 4 of its levels.
You also visited: Sewer.

You collected 155 gold pieces.
You spent 55 gold pieces at shops.

Inventory:

Missiles
 b - 106 stones
 c - 22 poisoned darts
 m - 2 javelins (quivered)
Armour
 d - the +1 robe "Ykawat" {+Inv}
   (You acquired it on level 2 of the Dungeon)

   +Inv:      It lets you turn invisible.
 l - a +2 robe of cold resistance (worn)
Jewellery
 j - a +6 ring of intelligence (left claw)
 k - an amulet of reflection (around neck)
Wands
 g - a wand of digging (7)
Scrolls
 h - 3 scrolls of vulnerability
 i - 2 scrolls of identify
 o - a scroll of enchant weapon
Potions
 a - a potion of might
 e - a potion of flight
 n - a potion of mutation {unknown}


   Skills:
 * Level 4.8 Fighting
 + Level 3.8 Dodging
 - Level 1.0 Stealth
 * Level 5.8 Unarmed Combat


You had 6 spell levels left.
You didn't know any spells.
Your spell library contained the following spells:

 Spells                   Type           Power      Damage    Failure   Level
 Animate Skeleton         Necr           0%         N/A       32%         1
 Apportation              Tloc           0%         N/A       32%         1
 Sting                    Tmut/Pois      0%         1d3       32%         1
 Summon Small Mammal      Summ           0%         N/A       32%         1
 Poisonous Vapours        Pois/Air       0%         N/A       45%         2
 Olgreb's Toxic Radiance  Pois           0%         N/A       97%         4


Dungeon Overview and Level Annotations

Branches:
Dungeon (4/15)              Sewer (1/1)
 Temple: D:4-7

Altars:

Shops:
D:3 *   D:4 ?


Innate Abilities, Weirdness & Mutations

You are too large for most types of armour.
You have claws for hands.
Your natural rate of healing is unusually fast.
You are covered in fur. (AC +1)
You have tough skin. (AC +1)


Message History

You are more poisoned.
You barely miss the kobold brigand.
The kobold brigand is moderately wounded.
You feel very sick.
The kobold brigand splashes around in the water.
You miss the kobold brigand.
The kobold brigand is moderately wounded.
You feel very sick.
The kobold brigand hits you with a +2 dagger of venom.
* * * LOW HITPOINT WARNING * * *
The kobold brigand closely misses you.
Press: ? - help, v - describe, . - travel
Here: a kobold brigand, wielding a +2 dagger of venom and quivering curare-tipped darts (moderately wounded) Some shallow water.
Attack: -) Claws
Press: ? - help, Dir - move target, f - kobold brigand
Aim: a kobold brigand, wielding a +2 dagger of venom and quivering curare-tipped darts (moderately wounded, about 42% to evade your claws)
Okay, then.
Throw: 2 javelins
Press: ? - help, Q - select action, (/) - cycle Shift-Dir - straight line, f - kobold brigand
Aim: a kobold brigand, wielding a +2 dagger of venom and quivering curare-tipped darts (moderately wounded, 51% to hit)
Okay, then.
You scratch the kobold brigand.
The kobold brigand is moderately wounded.
You feel very sick.
The kobold brigand splashes around in the water.
You feel very sick. The kobold brigand misses you.
You feel sick.
You feel sick.
You feel sick.
The kobold brigand hits you with a +2 dagger of venom.
* * * LOW HITPOINT WARNING * * *
You feel sick.
You are no longer poisoned.
The kobold brigand throws a curare-tipped dart.
The curare-tipped dart hits you.
You are poisoned.
You have difficulty breathing.
You die...

###≈≈≈≈≈≈≈≈≈≈≈≈≈≈≈≈≈
#≈≈≈≈≈≈≈≈≈≈≈≈≈≈≈≈≈≈≈
#≈≈≈≈≈≈≈≈≈≈≈≈≈≈≈≈≈≈≈
#≈≈≈≈≈≈≈≈≈≈≈≈≈≈≈≈≈≈≈
≈≈≈≈≈≈≈≈≈≈≈≈≈≈≈≈≈≈≈≈
≈≈≈≈≈≈≈≈≈≈≈P≈########
≈≈≈≈≈≈≈≈≈.≈≈.†≈≈≈≈≈≈≈
≈≈≈≈≈≈≈≈≈..P.########
≈≈≈≈≈≈≈≈...≈≈@≈≈≈≈.#
≈≈≈≈≈≈≈≈≈≈.....#≈###
#########P..K≈≈#≈#
≈≈≈≈≈≈≈.P.≈..#≈#
#######.....≈#≈# ####
≈≈≈≈≈.≈..≈≈.≈#≈. #..#
≈≈≈≈≈.≈.....≈#≈#########≈.#
≈≈≈≈.≈..≈≈...#≈#≈≈≈≈≈≈≈≈).#
≈≈≈≈.P≈≈.≈≈.≈#≈#########≈##


You could see a kobold brigand.

Vanquished Creatures
  Blork the orc (D:4)
  2 kobold brigands (Sewer)
  A bullfrog (D:4)
  An orc priest (D:3)
  Ijyb (D:3)
  Terence (D:3)
  Natasha (thrice) (D:3)
  An iguana (D:4)
  A hound skeleton (D:4)
  5 gnolls
  3 adders
  2 river rats
  2 worms (D:2)
  4 dart slugs
  4 orcs (D:3)
  6 bats
  10 endoplasms
  3 giant cockroaches
  7 goblins
  5 hobgoblins
  3 jackals (Sewer)
  A quokka (D:1)
  9 ball pythons
  6 frilled lizards
  11 kobolds
  5 rats
98 creatures vanquished.

Vanquished Creatures (others)
  6 plants (Sewer)
6 creatures vanquished.

Grand Total: 104 creatures vanquished

Notes
Turn   | Place    | Note
-------+----------+-------------------------------------------
     0 | D:1      | firemarshallily the Troll Monk began the quest for the Orb.
     0 | D:1      | Reached XP level 1. HP: 22/22 MP: 0/0
   202 | D:1      | Reached XP level 2. HP: 27/29 MP: 1/1
   270 | D:1      | Found a faded altar of an unknown god.
   690 | D:2      | Reached XP level 3. HP: 35/36 MP: 2/2
   771 | D:2      | Identified a scroll of acquirement
   771 | D:2      | Acquired the +1 robe "Ykawat" {+Inv}
  1262 | D:2      | Reached XP level 4. HP: 43/43 MP: 3/3
  1372 | D:3      | Noticed Terence
  1372 | D:3      | Found Kaluwk's General Store.
  1381 | D:3      | Killed Terence
  1382 | D:3      | Reached skill level 4 in Unarmed Combat
  1426 | D:3      | Bought a potion of heal wounds for 55 gold pieces
  1463 | D:3      | Noticed Ijyb
  1470 | D:3      | Killed Ijyb
  1471 | D:3      | Reached XP level 5. HP: 53/53 MP: 4/4
  1500 | D:3      | Noticed Natasha
  1520 | D:3      | Killed Natasha
  1553 | D:3      | Noticed Natasha
  1568 | D:3      | Killed Natasha
  1608 | D:3      | Noticed Natasha
  1619 | D:3      | Killed Natasha
  1669 | D:3      | Reached XP level 6. HP: 56/62 MP: 5/5
  1953 | D:4      | Noticed Blork the orc
  1956 | D:4      | Killed Blork the orc
  1957 | D:4      | Reached skill level 5 in Unarmed Combat
  2129 | D:4      | Found Ycvamneu's Magic Scroll Shop.
  2175 | D:4      | Found a glowing drain.
  2190 | Sewer    | Entered a sewer
  2204 | Sewer    | Reached XP level 7. HP: 68/71 MP: 6/6
  2398 | Sewer    | HP: 3/71 [kobold brigand/+2 dagger of venom (6)]
  2399 | Sewer    | Asphyxiated

Illustrated notes

Levels and vault maps discovered:
D:1:      mrwooster_arrival_statue, layout_loops_ring,
          shapermc_ecumenical_altar_starsandcircs
D:2:      minmay_angry_zag, layout_basic, mrwooster_statue_mirror,
          minmay_quadrilaterals
D:3:      layout_rooms, serial_shops, nicolae_shop_competitors_out_of_business,
          saegor_snake_ambush, uniq_ijyb, uniq_natasha, uniq_terence
D:4:      layout_loops_ring, serial_shops, shop, portal_sewer_entry_b,
          serial_forest, infiniplex_forest_fountain,
          infiniplex_forest_lined_room_3, infiniplex_forest_corner_1,
          infiniplex_forest_end_1, infiniplex_forest_lined_corner,
          infiniplex_forest_corner_1, infiniplex_forest_clump_diagonal,
          minmay_door_square, uniq_blork_the_orc
Sewer:    sewer_co_scattered_pipes

Skill      XL: |  1  2  3  4  5  6 |
---------------+-------------------+-----
Fighting       | 3 4 |  4.8
Unarmed Combat | 4 5 |  5.8
Dodging        | 3 |  3.8
Stealth        | |  1.0

Action                   |  1- 3 |  4- 6 |  7- 9 || total
-------------------------+-------+-------+-------++-------
Melee: Unarmed           |    88 |   126 |    41 ||   255
       Punch             |     1 |     5 |     2 ||     8
  Use: Scroll            |     6 |     5 |       ||    11
       Potion            |       |     1 |     1 ||     2
 Stab: Sleeping          |     5 |     5 |       ||    10
Armor: Robe              |    19 |    39 |     9 ||    67
Dodge: Dodged            |    30 |    51 |    15 ||    96
Block: Other             |     3 |    19 |     5 ||    27
       Reflection        |       |     1 |     1 ||     2
